 Dungeon Crawl Stone Soup version 0.26-a0-597-gb535b0901c (webtiles) character file.

Game seed: 10867489467897461331

9 Alarkh the Insei (level 2, 7/22 HPs)
             Began as a Demonspawn Gladiator on Sept 12, 2020.
             Got out of the dungeon alive.
             The game lasted 00:00:19 (413 turns).

Alarkh the Insei (Demonspawn Gladiator)              Turns: 413, Time: 00:00:20

Health: 7/22       AC:  4    Str: 14    XL:     2   Next: 3%
Magic:  2/2        EV: 12    Int:  9    God:
Gold:   62         SH:  0    Dex: 14    Spells: 1/1 levels left

rFire    . . .     SeeInvis .     - Unarmed
rCold    . . .     Faith    .   (no shield)
rNeg     . . .     Spirit   .   a - +0 leather armour
rPois    .         Reflect  .   b - +0 helmet
rElec    .         Harm     .   (no cloak)
rCorr    .                      (no gloves)
MR       .....                  (no boots)
Stlth    +.........             (no amulet)
HPRegen  0.07/turn              (no ring)
MPRegen  0.08/turn              (no ring)

@: no status effects
A: hooves 1
a: no special abilities


You escaped.
You visited 1 branch of the dungeon, and saw 1 of its levels.

You collected 62 gold pieces.

Inventory:

Missiles
 c - 3 throwing nets (quivered)
Armour
 a - a +0 leather armour (worn)
 b - a +0 helmet (worn)
Scrolls
 f - a scroll of teleportation {unknown}
Potions
 d - a potion of curing {unknown}
 e - a potion of haste {unknown}
 g - a potion of stabbing {unknown}
 h - a potion of ambrosia {unknown}


   Skills:
 + Level 2.2 Fighting
 - Level 1.7 Throwing
 - Level 2.6 Dodging
 * Level 3.1 Unarmed Combat


You had one spell level left.
You didn't know any spells.
Your spell library was empty.

Dungeon Overview and Level Annotations

Branches:
Dungeon (1/15)

Altars:


Innate Abilities, Weirdness & Mutations

You have large cloven feet.


Message History

You hit the kobold.
You kill the kobold!
You have reached level 2!
Your demonic ancestry asserts itself...
Your feet thicken and deform.
The rat closely misses you.
Things that are here:
a +0 dagger; a stone; a kobold corpse You hit the rat.
You kick the rat, but do no damage.
The rat is heavily wounded.
The rat closely misses you.
You punch the rat!
You kill the rat!
You see here a rat corpse.
Things that are here:
a +0 dagger; a stone; a kobold corpse You see here a stone.
There is a staircase leading out of the dungeon here.
Are you sure you want to leave the Dungeon?
This will make you lose the game!
You have escaped!

#### #########.##########.#
...# ##.................##.###
##.# #.#.......#.......#.#...#
#.# #..#.......#.....#..#.#.#
##.## #...#...#...#...#...#.#.#
.... #....#...#...#.#....#.#.#
.#.# #.....#.#.#...#.....#.#.#
.#.## #......#...#...#....#...#
....###...#.#...@.#...#.......#
....†......#.....#...#.#..#...#
......#.....#...#...#.....###.#
......#.....##.....##.....###.#
......#....#..#(..#..#..[.#...#
......#...#....#.#....#...#####
....###..#......#......#..#
......#.#......#........#.#
########.................##


There were no monsters in sight!

Vanquished Creatures
  A ball python (D:1)
  A bat (D:1)
  A goblin (D:1)
  3 kobolds (D:1)
  2 frilled lizards (D:1)
  A rat (D:1)
9 creatures vanquished.

Notes
Turn   | Place    | Note
-------+----------+-------------------------------------------
     0 | D:1      | Alarkh the Demonspawn Gladiator began the quest for the
                  | Orb.
     0 | D:1      | Reached XP level 1. HP: 16/16 MP: 1/1
   159 | D:1      | Reached skill level 3 in Unarmed Combat
   369 | D:1      | Gained mutation: You have large cloven feet. [demonic
                  | ancestry]
   369 | D:1      | Reached XP level 2. HP: 4/22 MP: 2/2
   413 | D:$      | Got out of the dungeon alive.

Illustrated notes

Levels and vault maps discovered:
D:1:      matt_arrival_diagonals, layout_loops_ring

Skill      XL: |  1 |
---------------+----+-----
Unarmed Combat | 3 |  3.1
Fighting       | |  2.2
Throwing       | |  1.7
Dodging        | |  2.6

Action                   || total
-------------------------++-------
Melee: Unarmed           ||    37
       Kick              ||     1
 Stab: Sleeping          ||     1
Armor: Leather armour    ||     6
Dodge: Dodged            ||    27

Table legend: (Time is in decaauts)
 A = Elapsed time spent in this place.
 B = Non-inter-level travel time spent in this place.
 C = Inter-level travel time spent in this place.
 D = Time resting spent in this place.
 E = Time spent auto-exploring this place.
 F = Levels seen in this place.
 G = Mean time per level.
                   A        B        C        D        E       F      G
               +--------+--------+--------+--------+--------+-----+--------+
         Total |    411 |    373 |     38 |     70 |    240 |   1 |  411.0 |
       Dungeon |    411 |    373 |     38 |     70 |    240 |   1 |  411.0 |
               +--------+--------+--------+--------+--------+-----+--------+

Top non-repeatable levels by time:
     D:1: 411 daAuts
